 Dungeon Crawl Stone Soup version 0.29.1-1-gd02db6906a (webtiles) character file.

Game seed: 8598028235354405318

2856 LustLizard the Carver (level 9, 0/73 HPs)
             Began as a Demonspawn Fighter on Oct 8, 2022.
             Was a Follower of Okawaru.
             Slain by a two-headed ogre
             ... wielding a +0 giant club
              (23 damage)
             ... on level 7 of the Dungeon.
             The game lasted 00:09:11 (6326 turns).

LustLizard the Carver (Demonspawn Fighter)          Turns: 6326, Time: 00:09:12

Health: 0/73       AC: 14    Str: 16    XL:     9   Next: 46%
Magic:  9/9        EV:  4    Int: 11    God:    Okawaru [*.....]
Gold:   287        SH: 11    Dex: 22    Spells: 8/8 levels left

rFire   . . .      SeeInvis .   a - +0 long sword
rCold   . . .      Faith    .   c - +0 buckler
rNeg    . . .      Spirit   .   y - +0 plate armour
rPois   .          Reflect  +   (helmet restricted)
rElec   .          Harm     .   C - +1 cloak
rCorr   .          Rampage  .   m - +0 pair of gloves
Will    .....                   (no boots)
Stlth   ..........              e - amulet of reflection
HPRegen 0.22/turn               D - +6 ring of dexterity
MPRegen 0.22/turn               (no ring)

@: no status effects
A: horns 2, powered by death 2, magic regeneration, weakness stinger 1
a: Renounce Religion, Heroism


You were on level 7 of the Dungeon.
You worshipped Okawaru.
Okawaru was aware of your devotion.
You visited 2 branches of the dungeon, and saw 8 of its levels.

You collected 287 gold pieces.

Inventory:

Hand Weapons
 a - a +0 long sword (weapon)
Missiles
 d - 19 poisoned darts
 n - 63 stones
 q - an atropa-tipped dart (quivered)
Armour
 b - a +0 scale mail
 c - a +0 buckler (worn)
 m - a +0 pair of gloves (worn)
 y - a +0 plate armour (worn)
 C - a +1 cloak (worn)
Jewellery
 e - an amulet of reflection (around neck)
 D - a +6 ring of dexterity (left hand)
 E - a ring of wizardry
 L - a ring of ice
 M - a ring of protection from cold
Wands
 o - a wand of charming (14)
 u - a wand of roots (12)
Scrolls
 f - 2 scrolls of enchant weapon {unknown}
 g - 3 scrolls of blinking
 i - a scroll of summoning {unknown}
 p - 2 scrolls of magic mapping {unknown}
 r - a scroll of fear {unknown}
 t - a scroll of torment {unknown}
 v - 2 scrolls of poison {unknown}
 A - a scroll of noise {unknown}
 F - a scroll of teleportation {unknown}
 G - a scroll of immolation {unknown}
 H - 2 scrolls of amnesia {unknown}
 K - a scroll of silence {unknown}
 N - 2 scrolls of butterflies {unknown}
Potions
 h - 4 potions of heal wounds
 j - 4 potions of resistance
 k - 3 potions of ambrosia
 l - a potion of mutation
 s - 2 potions of haste
 w - 2 potions of flight
 x - 2 potions of degeneration
 z - 4 potions of curing
 B - a potion of brilliance {unknown}
 I - a potion of attraction {unknown}
 J - a potion of magic {unknown}


   Skills:
 + Level 7.7 Fighting
 * Level 9.4 Long Blades
 - Level 4.0 Throwing
 + Level 2.6 Armour
 + Level 2.7 Shields


You had 8 spell levels left.
You didn't know any spells.
Your spell library contained the following spells:

 Spells                   Type           Power      Damage    Failure   Level
 Sting                    Tmut/Pois      0%         1d3       100%        1
 Poisonous Vapours        Pois/Air       0%         N/A       100%        2
 Static Discharge         Conj/Air       0%         3-3/arc   100%        2
 Cause Fear               Hex            0%         N/A       100%        4
 Dispel Undead            Necr           0%         3d6       100%        4
 Olgreb's Toxic Radiance  Pois           0%         N/A       100%        4
 Sticky Flame             Conj/Fire      0%         2d3       100%        4
 Dragon Form              Tmut           0%         N/A       100%        7
 Dragon's Call            Summ           Unusable   N/A       N/A         9

Dungeon Overview and Level Annotations

Branches:
Dungeon (7/15)             Temple (1/1) D:6

Altars:
Ashenzari
Cheibriados
Dithmenos
Fedhas
Gozag
Hepliaklqana
Kikubaaqudgha
Makhleb
Nemelex Xobeh
Okawaru
Qazlal
Ru
Sif Muna
Trog
Uskayaw
Vehumet
Wu Jian
Yredelemnul

Annotations:
D:5 3 runed translucent doors, nshep25's ghost, novice MiFi


Innate Abilities, Weirdness & Mutations

You have a pair of horns on your head.
You regenerate health from kills.
You regenerate magic rapidly.
You have a small tail.


Message History

No target in view!
No target in view!
d - 19 poisoned darts (gained 5)
Things that are here:
a +0 short sword; a kobold corpse
n - 63 stones (gained 5)
You see here a +0 short sword.
The two-headed ogre shouts in stereo!
A two-headed ogre is nearby!
Found a stone staircase leading down.
You hit the two-headed ogre.
The two-headed ogre is lightly wounded.
You block the two-headed ogre's attack.
The two-headed ogre hits you with a +0 giant club!
You slash the two-headed ogre! You tail-slap the two-headed ogre.
The two-headed ogre is moderately wounded.
The two-headed ogre hits you with a +0 giant club!!
You block the two-headed ogre's attack.
You slash the two-headed ogre! You headbutt the two-headed ogre.
Your tail-slap misses the two-headed ogre.
The two-headed ogre is severely wounded.
You hit the two-headed ogre.
Your headbutt misses the two-headed ogre.
The two-headed ogre is severely wounded.
You block the two-headed ogre's attack.
The two-headed ogre hits you but does no damage.
You barely miss the two-headed ogre.
Your headbutt misses the two-headed ogre.
The two-headed ogre is severely wounded.
The two-headed ogre hits you with a +0 giant club! x2
You are too injured to fight recklessly!
You are too injured to fight recklessly!
You slash the two-headed ogre!
You tail-slap the two-headed ogre, but do no damage.
The two-headed ogre is severely wounded.
You hit the two-headed ogre.
The two-headed ogre is almost dead.
You block the two-headed ogre's attack.
The two-headed ogre hits you with a +0 giant club!!
You die...

#.............#
.......###....#....>..
.....### #..##...... .
.....## ###..#.....##..
......# ...............
#....##
....##.......... ##..##
.##..............
.....#..##.. #.O...#
.)).....##.####.@..##
.<#)######.##.#.....#
.##..##.#..#.......##
####.))............# .
#...................
##.....................
#..............#.......
#..............#.......
...............#.#..#..


You could see a two-headed ogre.

Vanquished Creatures
  A two-headed ogre (D:7)
  Prince Ribbit (D:5)
  Grinder (D:5)
  Sigmund (D:3)
  A wyvern (D:7)
  Eustachio (D:3)
  A black bear (D:3)
  2 centaurs (D:6)
  2 phantoms (D:5)
  A kobold brigand (D:7)
  A necrophage (D:6)
  A scorpion (D:6)
  2 howler monkeys
  2 hounds
  3 jellies
  An orc priest (D:4)
  Crazy Yiuf (D:3)
  5 iguanas
  Ijyb (D:4)
  Terence (D:3)
  3 orc wizards
  Natasha (thrice) (D:4)
  6 gnolls
  8 adders
  3 shadow imps
  A worm (D:2)
  A dart slug (D:3)
  20 orcs
  2 bats
  5 endoplasms
  2 giant cockroaches (D:1)
  6 hobgoblins
  3 jackals (D:1)
  2 quokkas (D:2)
  7 ball pythons
  2 frilled lizards
  4 goblins
  9 kobolds
  2 rats
119 creatures vanquished.

Vanquished Creatures (others)
  A kobold (D:7)
  A fungus (D:3)
2 creatures vanquished.

Grand Total: 121 creatures vanquished

Notes
Turn   | Place    | Note
-------+----------+-------------------------------------------
     0 | D:1      | LustLizard the Demonspawn Fighter began the quest for the
                  | Orb.
     0 | D:1      | Reached XP level 1. HP: 18/18 MP: 1/1
   122 | D:1      | Reached skill level 2 in Long Blades
   154 | D:1      | Gained mutation: You regenerate magic rapidly. [demonic
                  | ancestry]
   154 | D:1      | Reached XP level 2. HP: 23/24 MP: 2/2
   905 | D:2      | Gained mutation: You regenerate a little health from kills.
                  | [demonic ancestry]
   905 | D:2      | Reached XP level 3. HP: 29/29 MP: 3/3
  1006 | D:2      | Reached skill level 1 in Throwing
  1015 | D:2      | Reached skill level 3 in Long Blades
  1301 | D:2      | Reached XP level 4. HP: 26/35 MP: 4/4
  1393 | D:2      | Found a faded altar of an unknown god.
  1799 | D:3      | Noticed Terence
  1813 | D:3      | Killed Terence
  1893 | D:3      | Noticed Sigmund
  1912 | D:3      | Killed Sigmund
  1913 | D:3      | Reached skill level 4 in Long Blades
  1913 | D:3      | Reached XP level 5. HP: 10/42 MP: 5/5
  2117 | D:3      | Discovered your monstrous ancestry.
  2117 | D:3      | Gained mutation: You have a pair of small horns on your
                  | head. [demonic ancestry]
  2117 | D:3      | Reached XP level 6. HP: 44/48 MP: 6/6
  2460 | D:3      | Found a bloodstained altar of Trog.
  2814 | D:3      | Found a runed translucent door.
  2815 | D:3      | Noticed Crazy Yiuf
  2833 | D:3      | Killed Crazy Yiuf
  2992 | D:4      | Noticed Eustachio
  3048 | D:3      | Killed Eustachio
  3049 | D:3      | Gained mutation: You regenerate health from kills. [demonic
                  | ancestry]
  3049 | D:3      | Reached XP level 7. HP: 42/55 MP: 7/7
  3128 | D:4      | Found a hazy altar of Hepliaklqana.
  3228 | D:4      | Noticed Ijyb
  3235 | D:4      | Noticed Natasha
  3238 | D:4      | Killed Ijyb
  3241 | D:4      | Killed Natasha
  3242 | D:4      | Reached skill level 5 in Long Blades
  3397 | D:4      | Noticed Natasha
  3681 | D:4      | Killed Natasha
  3686 | D:4      | Noticed Natasha
  3692 | D:4      | Killed Natasha
  3751 | D:4      | Reached skill level 5 in Fighting
  3887 | D:4      | Found an opulent altar of Gozag.
  3991 | D:5      | Entered Level 5 of the Dungeon
  4019 | D:5      | Noticed Grinder
  4030 | D:5      | Killed Grinder
  4031 | D:5      | Reached skill level 6 in Long Blades
  4071 | D:5      | Gained mutation: You have a small tail. [demonic ancestry]
  4071 | D:5      | Reached XP level 8. HP: 53/63 MP: 8/8
  4478 | D:5      | Noticed nshep25's ghost (novice MiFi)
  4541 | D:5      | Found a runed translucent gate.
  4541 | D:5      | Found a runed translucent gate.
  4541 | D:5      | Found a runed translucent gate.
  4849 | D:6      | Noticed Prince Ribbit
  4869 | D:5      | Reached skill level 7 in Long Blades
  4871 | D:5      | Killed Prince Ribbit
  5192 | D:6      | Found a basalt altar of Yredelemnul.
  5323 | D:6      | Reached skill level 8 in Long Blades
  5624 | D:6      | Found a sparkling altar of Nemelex Xobeh.
  5627 | D:6      | Found a stormy altar of Qazlal.
  5632 | D:6      | Found a hide-covered altar of Uskayaw.
  5635 | D:6      | Found a burning altar of Makhleb.
  5637 | D:6      | Found a blossoming altar of Fedhas.
  5641 | D:6      | Found a snail-covered altar of Cheibriados.
  5642 | D:6      | Found an ancient bone altar of Kikubaaqudgha.
  5718 | D:6      | Gained mutation: You have a pair of horns on your head.
                  | [demonic ancestry]
  5718 | D:6      | Reached XP level 9. HP: 53/71 MP: 9/9
  5837 | D:6      | Found a staircase to the Ecumenical Temple.
  5871 | Temple   | Entered the Ecumenical Temple
  5881 | Temple   | Became a worshipper of Warmaster Okawaru
  6148 | D:7      | Noticed a two-headed ogre
  6152 | D:7      | Noticed a two-headed ogre
  6216 | D:7      | Killed a two-headed ogre
  6216 | D:7      | Reached * piety under Okawaru
  6217 | D:7      | Reached skill level 9 in Long Blades
  6326 | D:7      | Slain by a two-headed ogre

Illustrated notes

Levels and vault maps discovered:
D:1:      kennysheep_arrival_seaside, layout_rooms, kennysheep_decorative_pillar
D:2:      layout_basic, shapermc_ecumenical_altar_mp_ritualfount
D:3:      layout_loops_ring, mainiacjoe_overflow_surrounded_room, uniq_sigmund,
          uniq_crazy_yiuf_cottage, uniq_terence
D:4:      layout_cave_pools, mainiacjoe_overflow_swirl, minivault_19, uniq_ijyb,
          uniq_eustachio, uniq_natasha
D:5:      layout_loops_ring, ebering_ghost_rock_garden,
          hangedman_decor_clover_reticule, uniq_grinder
D:6:      lemuel_ice_spiral_2, layout_rooms, mainiacjoe_overflow_catwalk,
          nicolae_overflow_hallway_of_the_gods, minmay_temple_entry_junction,
          kennysheep_generic_room_15, uniq_prince_ribbit1
D:7:      layout_cave_pools, minmay_crystal_room
Temple:   hellmonk_temple_rainy

Skill      XL: |  1  2  3  4  5  6  7  8  9 |
---------------+----------------------------+-----
Long Blades    | 2 3 4 6 8 9 |  9.4
Throwing       | 1 2 3 4 |  4.0
Fighting       | 4 5 6 7 |  7.7
Armour         | |  2.6
Shields        | |  2.7

Action                   |  1- 3 |  4- 6 |  7- 9 || total
-------------------------+-------+-------+-------++-------
Melee: Long sword        |    81 |   108 |   241 ||   430
       Headbutt          |       |     8 |    47 ||    55
       Tailslap          |       |       |    33 ||    33
Throw: Dart              |       |     2 |     5 ||     7
  Use: Scroll            |       |     6 |     3 ||     9
       Potion            |       |     1 |     1 ||     2
 Stab: Invisible         |       |     1 |       ||     1
Armor: Scale mail        |    26 |    39 |       ||    65
       Plate armour      |       |    11 |   128 ||   139
Dodge: Dodged            |    34 |    39 |    27 ||   100
Block: Buckler           |    40 |    53 |   109 ||   202
       Reflection        |       |       |     7 ||     7
